 Dungeon Crawl Stone Soup version 0.17-a0-1442-g10bb59b (webtiles) character file.

119 urechis the Chiller (level 5, 0/35 HPs)
             Began as a Merfolk Ice Elementalist on June 27, 2015.
             Slain by a gnoll
             ... wielding a +0 spear
              (5 damage)
             ... on level 2 of the Dungeon.
             The game lasted 00:08:37 (2706 turns).

urechis the Chiller (Merfolk Ice Elementalist)      Turns: 2706, Time: 00:08:37

Health: 0/35       AC:  2    Str:  9    XL:     5   Next: 3%
Magic:  4/8        EV: 13    Int: 14    God:
Gold:   76         SH:  0    Dex: 15    Spells: 3 memorised, 0 levels left

rFire  . . .     SeeInvis .     a - +0 spear
rCold  . . .     Clarity  .     l - +0 robe
rNeg   + . .     SustAt   .     (no shield)
rPois  .         Gourm    .     (no helmet)
rElec  .         Spirit   .     (no cloak)
rCorr  .         Warding  .     (no gloves)
rMut   .         Stasis   .     (no boots)
MR     .....                    (no amulet)
Stlth  ++........               o - ring of positive energy
                                j - ring of wizardry

@: not resistant to hostile enchantments, unstealthy
A: change form in water, swift swim
a: no special abilities


You were on level 2 of the Dungeon.
You were very hungry.

You visited 1 branch of the dungeon, and saw 2 of its levels.

You collected 76 gold pieces.

Inventory:

Hand weapons
 a - a +0 spear (weapon)
Missiles
 g - a throwing net (quivered)
Armour
 l - a +0 robe (worn)
Jewellery
 j - a ring of wizardry (left hand)
 o - a ring of positive energy (right hand)
Scrolls
 d - 3 scrolls of enchant armour {unknown}
 f - a scroll of teleportation {unknown}
 h - a scroll of enchant weapon {unknown}
 i - a scroll of identify {unknown}
Potions
 e - 2 potions of flight {unknown}
 k - a potion of ambrosia {unknown}
Books
 b - a book of Frost

   Spells                             Type                      Level
   a - Freeze                         Ice                          1
   b - Throw Frost                    Conjuration/Ice              2
   c - Ozocubu's Armour               Charms/Ice                   3
   d - Throw Icicle                   Conjuration/Ice              4
   e - Summon Ice Beast               Ice/Summoning                4
   f - Condensation Shield            Ice                          4
Comestibles
 c - 3 bread rations
 m - 2 meat rations


   Skills:
 + Level 0.8 Polearms
 - Level 2.6 Dodging
 - Level 2.1 Stealth
 - Level 2.0 Spellcasting
   Level 0.7 Conjurations
 - Level 6.0 Ice Magic


You couldn't memorise any spells.
You knew the following spells:

 Your Spells              Type           Power        Failure   Level  Hunger
a - Freeze                Ice            ###.         1%          1    ##.....
b - Ozocubu's Armour      Chrm/Ice       #.......     9%          3    ####...
c - Condensation Shield   Ice            ###.......   9%          4    #####..


Dungeon Overview and Level Annotations

Branches:
Dungeon (2/15)

Altars:
The Shining One


Message History

The giant newt bites you but does no damage.
You hit the giant newt.
You kill the giant newt!
The gnoll hits you but does no damage. The gnoll hits you with a spear.
* * * LOW HITPOINT WARNING * * *
You hit the gnoll but do no damage.
The gnoll is lightly wounded.
The gnoll hits you with a spear.
* * * LOW HITPOINT WARNING * * *
Casting: Ozocubu's Armour
Confirm with . or Enter, or press ? or * to list all spells.
Aiming: Freeze
Press: ? - help, Shift-Dir - straight line, f/p - gnoll
Aim: a gnoll, wielding a spear (lightly wounded)
You freeze the gnoll.
The gnoll is heavily wounded.
You are feeling very hungry.
The gnoll hits you with a spear.
You die...

#...[..<.# .#.#
#.####.### ## ...##
######># # .. .... ..##.#
# . ... # #.##.# # .#..
#. #.##.### #..
#..#..).... #
#g####.#.......### ###.
#@†.......#....# #
.....###..####.#.#....###
...............#..###....
..............###..##.###
.............##.##..#.###
............##...##......
...........##..#..##..##.
..........##..#.#..##....
........###..#._.#..###..


You could see a gnoll.

Vanquished Creatures
  6 gnolls (D:2)
  2 adders (D:2)
  A giant gecko (D:2)
  3 bats (D:1)
  8 goblins
  9 hobgoblins
  4 kobolds
  A quokka (D:2)
  A ball python (D:2)
  4 giant cockroaches
  2 giant newts
  4 rats
45 creatures vanquished.

Notes
Turn   | Place    | Note
--------------------------------------------------------------
     0 | D:1      | urechis the Merfolk Ice Elementalist began the quest for the Orb.
     0 | D:1      | Reached XP level 1. HP: 13/13 MP: 3/3
   510 | D:1      | Reached XP level 2. HP: 14/19 MP: 3/5
   526 | D:1      | Reached skill level 4 in Ice Magic
  1176 | D:1      | Reached XP level 3. HP: 22/24 MP: 6/6
  1549 | D:2      | Reached skill level 5 in Ice Magic
  1660 | D:2      | Learned a level 3 spell: Ozocubu's Armour
  1703 | D:2      | Reached XP level 4. HP: 17/30 MP: 3/7
  2404 | D:2      | Found a glowing golden altar of the Shining One.
  2462 | D:2      | Reached skill level 6 in Ice Magic
  2666 | D:2      | Reached XP level 5. HP: 35/35 MP: 8/8
  2672 | D:2      | Learned a level 4 spell: Condensation Shield
  2706 | D:2      | Slain by a gnoll

Vault maps used:
D:1:      minmay_arrival_stone_box, serial_curves, eino_curves_04,
          eino_curves_02, st_stairs_7, feat_on_display
D:2:      tso_metal_star, first_bread, supply_closet_lemuel,
          minmay_misc_feat_enclosed, minmay_bisected

Action                   |  1- 3 |  4- 6 || total
-------------------------+-------+-------++-------
Melee: Club              |    16 |       ||    16
       Short sword       |    65 |    11 ||    76
       Dagger            |     3 |       ||     3
       Spear             |       |    17 ||    17
 Cast: Freeze            |    22 |    21 ||    43
       Ozocubu's Armour  |     1 |     1 ||     2
       Condensation Shie |       |     1 ||     1
 Stab: Sleeping          |     2 |       ||     2
       Distracted        |     1 |       ||     1
  Eat: Chunk             |     3 |     1 ||     4
       Royal jelly       |       |     1 ||     1
